 Dungeon Crawl Stone Soup version 0.31-a0-149-g3fdcc5976a (webtiles) character file.

Game seed: 14298249686875375026

128 Darkkill the Shooter (level 4, -2/40 HPs)
             Began as a Minotaur Hunter on June 7, 2023.
             Slain by a gnoll
             ... wielding a +0 spear
              (4 damage)
             ... on level 3 of the Dungeon.
             The game lasted 00:03:41 (1967 turns).

Darkkill the Shooter (Minotaur Hunter)              Turns: 1967, Time: 00:03:41

Health: -2/40      AC:  3    Str: 16    XL:     4   Next: 86%
Magic:  3/3        EV: 13    Int:  6    God:
Gold:   160        SH:  0    Dex: 15    Spells: 3/3 levels left

rFire   . . .        a - +0 shortbow
rCold   . . .        (shield currently unavailable)
rNeg    . . .        c - +0 leather armour
rPois   .            (helmet restricted)
rElec   .            (no cloak)
rCorr   .            (no gloves)
SInv    .            (no boots)
Will    .....        (no amulet)
Stlth   ++           (no ring)
HPRegen 0.26/turn    (no ring)
MPRegen 0.08/turn

%: no passive effects
@: no status effects
A: horns 2, retaliatory headbutt
a: no special abilities


You were on level 3 of the Dungeon.
You visited 1 branch of the dungeon, and saw 3 of its levels.

You collected 160 gold pieces.

Inventory:

Hand Weapons
 a - a +0 shortbow (weapon)
Missiles
 d - 50 stones
 o - 2 poisoned darts
Armour
 c - a +0 leather armour (worn)
Wands
 l - a wand of flame (16)
Potions
 e - 2 potions of degeneration {unknown}
 g - 2 potions of resistance
 i - 2 potions of heal wounds {unknown}
 j - a potion of attraction {unknown}
 m - a potion of mutation {unknown}
 n - a potion of brilliance {unknown}


   Skills:
 + Level 3.7 Fighting
 + Level 5.1 Ranged Weapons
 + Level 3.4 Dodging
 + Level 2.0 Stealth


You had 3 spell levels left.
You didn't know any spells.
Your spell library contained the following spells:

 Spells                   Type           Power      Damage    Failure   Level
 Call Canine Familiar     Summ           0%         N/A       88%         3
 Gell's Gravitas          Tloc           0%         N/A       88%         3
 Portal Projectile        Hex/Tloc       0%         N/A       88%         3
 Teleport Other           Tloc           0%         N/A       88%         3
 Leda's Liquefaction      Hex/Erth       0%         N/A       99%         4
 Dispersal                Tloc           0%         N/A       100%        6


Dungeon Overview and Level Annotations

Branches:
Dungeon (3/15)

Altars:

Shops:
D:3 (

Annotations:
D:3 3 runed translucent doors, zeez's ghost, weakling VSCj


Innate Abilities, Weirdness & Mutations

You have a pair of horns on your head.
You reflexively headbutt those who attack you in melee.


Message History

Your Stealth skill increases to level 2!
You shoot an arrow. The arrow hits the gnoll.
The gnoll is heavily wounded.
A dart slug comes into view.
You shoot an arrow.
The arrow hits the gnoll but does no damage.
You shoot an arrow. The arrow hits the gnoll.
The gnoll is moderately wounded.
You shoot an arrow. The arrow barely misses the gnoll.
The gnoll closely misses you.
The gnoll hits you from afar with a +0 halberd!
You are too injured to fight recklessly!
You are too injured to fight recklessly!
You are too injured to fight recklessly!
You are too injured to fight recklessly!
You are too injured to fight recklessly!
You are too injured to fight recklessly!
You are too injured to fight recklessly!
You are too injured to fight recklessly!
You are too injured to fight recklessly!
You are too injured to fight recklessly!
Fire: a) +0 shortbow
Press: ? - help, Q - select action, (/) - cycle Shift-Dir - straight line, f/p - gnoll
Aim: a gnoll, wielding a +0 club (moderately wounded, 65% to hit)
You shoot an arrow. The arrow closely misses the gnoll.
The gnoll misses you. The gnoll completely misses you.
Fire: a) +0 shortbow
Press: ? - help, Q - select action, (/) - cycle Shift-Dir - straight line, f/p - gnoll
Aim: a gnoll, wielding a +0 club (moderately wounded, 65% to hit)
You shoot an arrow. The arrow closely misses the gnoll.
The gnoll hits you but does no damage.
The gnoll hits you from afar with a +0 halberd!
* * * LOW HITPOINT WARNING * * *
The gnoll barely misses you. The gnoll hits you with a +0 club.
* * * LOW HITPOINT WARNING * * *
Fire: a) +0 shortbow
Press: ? - help, Q - select action, (/) - cycle Shift-Dir - straight line, f/p - gnoll
Aim: a gnoll, wielding a +0 club (moderately wounded, 65% to hit)
You shoot an arrow. The arrow hits the gnoll.
The gnoll is severely wounded.
The gnoll hits you with a +0 club.
* * * LOW HITPOINT WARNING * * *
The gnoll hits you from afar with a +0 halberd.
* * * LOW HITPOINT WARNING * * *
Unknown command.
You feel better. The gnoll misses you.
The gnoll hits you from afar with a +0 halberd.
* * * LOW HITPOINT WARNING * * *
As you read the scroll labelled ZEJOSKY UGI, it crumbles to dust.
You feel aware of your surroundings.
You sensed 1 altar.
It was a scroll of magic mapping.
The gnoll misses you. You furiously retaliate!
You headbutt the gnoll.
You kill the gnoll!
The gnoll hits you but does no damage.
Read: scroll of butterflies
Press: ? - help, Q - select action, (/) - cycle Dir - look around, f - activate Look: a gnoll, wielding a +0 halberd (heavily wounded)
As you read the scroll of butterflies, it crumbles to dust.
You hear the flapping of tiny wings.
The gnoll is knocked back by the sudden gust.
As you read the scroll labelled XUORGH FEUBU, it crumbles to dust.
It is a scroll of amnesia.
You feel forgetful for a moment. The gnoll closely misses you.
You swap places.
Something closely misses your butterfly.
The gnoll closely misses your butterfly.
You swap places.
You swap places.
You swap places.
You swap places.
You swap places.
You swap places.
The gnoll hits your butterfly with a +0 halberd!
Your butterfly dies!
Your butterfly disappears in a burst of colours!
The gnoll hits your butterfly with a +0 spear.
Your butterfly dies!
Your butterfly disappears in a burst of colours!
You swap places.
The gnoll barely misses your butterfly.
The gnoll hits your butterfly with a +0 spear!
Your butterfly dies!
Your butterfly disappears in a burst of colours!
The gnoll closely misses your butterfly.
The gnoll hits your butterfly with a +0 spear!
Your butterfly dies!
Your butterfly disappears in a burst of colours!
The gnoll hits your butterfly with a +0 spear.
Your butterfly dies!
Your butterfly disappears in a burst of colours!
Your butterfly disappears in a burst of colours!
Your butterfly disappears in a burst of colours!
The gnoll hits you from afar with a +0 halberd!
* * * LOW HITPOINT WARNING * * *
The gnoll misses you.
Your butterfly disappears in a burst of colours!
The gnoll hits you from afar with a +0 halberd.
* * * LOW HITPOINT WARNING * * *
The gnoll hits you from afar with a +0 spear.
You die...

.###.# *#...,,,,,,,*,*
.....# #..#****#..,,*
.##### #..# #.#*** ##
#).# #.# #..# #.# #..#
#.#
##########..######.#
#........)).#...##.#
###.....####.@..∩.##.#
#..........##........#
#.#.....##.#..gg.....#
#
#.#.....##.#........##
#
#.###....#.#.##...###
# #.#
####.#.#.##...#### #
#.# ###.#.#.......w.#
####.#
#.....####...##.#
..##.####.....#
##.###.####


You could see 2 gnolls.

Vanquished Creatures
  Robin (D:2)
  2 gnolls (D:3)
  A dart slug (D:1)
  6 orcs (D:3)
  3 endoplasms (D:1)
  5 giant cockroaches
  10 goblins
  6 hobgoblins
  11 jackals
  9 kobolds
  3 quokkas
  4 ball pythons
  10 bats
  2 frilled lizards (D:1)
  3 rats
76 creatures vanquished.

Notes
Turn   | Place    | Note
-------+----------+-------------------------------------------
     0 | D:1      | Darkkill the Minotaur Hunter began the quest for the Orb.
     0 | D:1      | Reached XP level 1. HP: 18/18 MP: 0/0
    87 | D:1      | Reached skill level 1 in Stealth
   172 | D:1      | Reached XP level 2. HP: 25/25 MP: 1/1
   807 | D:2      | Reached XP level 3. HP: 29/31 MP: 2/2
   857 | D:2      | Noticed Robin
   959 | D:2      | Killed Robin
  1041 | D:2      | Reached XP level 4. HP: 38/38 MP: 3/3
  1428 | D:3      | Found a runed translucent gate.
  1431 | D:3      | Found a runed translucent gate.
  1439 | D:3      | Noticed zeez's ghost (weakling VSCj)
  1483 | D:3      | Found a runed translucent gate.
  1495 | D:3      | Found a faded altar of an unknown god.
  1797 | D:3      | Reached skill level 5 in Ranged Weapons
  1836 | D:3      | Found Naisegel's Weapon Shop.
  1934 | D:3      | HP: 5/40 [gnoll/+0 club (4)]
  1962 | D:3      | HP: 4/40 [gnoll/+0 halberd (9)]
  1966 | D:3      | HP: 1/40 [gnoll/+0 halberd (4)]
  1967 | D:3      | Slain by a gnoll

Illustrated notes

Levels and vault maps discovered:
D:1:      dpeg_arrival_boxorama, layout_loops_ring, minmay_bisected
D:2:      minmay_evil_eye, layout_rooms, uniq_robin
D:3:      layout_loops_ring, nicolae_uskayaw_suspiria, gammafunk_ghost_split,
          basic_ecumenical_altar, serial_shops, shop

Skill      XL: |  1  2  3  4 |
---------------+-------------+-----
Stealth        | 1 2 |  2.0
Fighting       | 3 |  3.7
Dodging        | 3 |  3.4
Ranged Weapons | 5 |  5.1

Action                     |  1- 3 |  4- 6 || total
---------------------------+-------+-------++-------
   Fire: Shortbow          |   109 |    92 ||   201
    Use: Scroll            |     3 |     4 ||     7
         Potion            |       |     1 ||     1
 Armour: Leather armour    |    11 |    13 ||    24
  Dodge: Dodged            |    46 |    35 ||    81

Table legend: (Time is in decaauts)
 A = Elapsed time spent in this place.
 B = Non-inter-level travel time spent in this place.
 C = Inter-level travel time spent in this place.
 D = Time resting spent in this place.
 E = Time spent auto-exploring this place.
 F = Levels seen in this place.
 G = Mean time per level.
                   A        B        C        D        E       F      G
               +--------+--------+--------+--------+--------+-----+--------+
         Total |   2005 |   1981 |     24 |      0 |   1598 |   3 |  668.3 |
       Dungeon |   2005 |   1981 |     24 |      0 |   1598 |   3 |  668.3 |
               +--------+--------+--------+--------+--------+-----+--------+

Top non-repeatable levels by time:
     D:1: 781 daAuts
     D:2: 670 daAuts
     D:3: 554 daAuts

Levels and vault maps discovered:
D:1:      dpeg_arrival_boxorama, layout_loops_ring, minmay_bisected
D:2:      minmay_evil_eye, layout_rooms, uniq_robin
D:3:      layout_loops_ring, nicolae_uskayaw_suspiria, gammafunk_ghost_split,
          basic_ecumenical_altar, serial_shops, shop

Table legend: (Time is in decaauts)
 A = Elapsed time spent in this place.
 B = Non-inter-level travel time spent in this place.
 C = Inter-level travel time spent in this place.
 D = Time resting spent in this place.
 E = Time spent auto-exploring this place.
 F = Levels seen in this place.
 G = Mean time per level.
                   A        B        C        D        E       F      G
               +--------+--------+--------+--------+--------+-----+--------+
         Total |   2005 |   1981 |     24 |      0 |   1598 |   3 |  668.3 |
       Dungeon |   2005 |   1981 |     24 |      0 |   1598 |   3 |  668.3 |
               +--------+--------+--------+--------+--------+-----+--------+

Top non-repeatable levels by time:
     D:1: 781 daAuts
     D:2: 670 daAuts
     D:3: 554 daAuts

Table legend:
 A = Kills in this place as a percentage of kills in the entire game.
 B = Kills by you in this place as a percentage of kills by you in the entire game.
 C = Kills by friends in this place as a percentage of kills by friends in the entire game.
 D = Other kills in this place as a percentage of other kills in the entire game.
 E = Experience gained in this place as a percentage of experience gained in the entire game.
 F = Experience gained in this place divided by the number of levels of this place that you have seen.
                   A       B       C       D       E      F
               +-------+-------+-------+-------+-------+----------------------
         Total | 100.0 | 100.0 |   N/A |   N/A | 100.0 |  61.0
       Dungeon | 100.0 | 100.0 |   N/A |   N/A | 100.0 |  61.0
               +-------+-------+-------+-------+-------+----------------------
